 Dungeon Crawl Stone Soup version 0.30-a0-462-gd5975efbca (webtiles) character file.

Game seed: 7883484810962426788

36684 Ijustatesigmund the Protected (level 14, -12/127 HPs)
             Began as a Meteoran Fighter on Dec 16, 2022.
             Was a High Priest of Okawaru.
             Killed from afar by a will-o-the-wisp (31 damage)
             ... with a foxfire
             ... on level 1 of the Swamp.
             The game lasted 00:40:54 (8161 turns).

Ijustatesigmund the Protected (Meteoran Fighter)    Turns: 8161, Time: 00:40:55

Health: -12/127    AC: 25    Str: 25    XL:     14   Next: 61%
Magic:  25/25      EV: 10    Int: 17    God:    Okawaru [*****.]
Gold:   555        SH: 18    Dex: 29    Spells: 21/27 levels left

rFire   . . .      SeeInvis +    p - +12 war axe "Wost" {vorpal, rPois rN+ Dex+3}
rCold   + + .      Faith    .    c - +1 kite shield
rNeg    + . .      Spirit   .    b - +5 plate armour of Alirhaujeg {Drain Will+ Str+4 Int+4}
rPois   +          Reflect  +    O - +1 helmet {Int+3}
rElec   .          Harm     .    (no cloak)
rCorr   +          Rampage  .    e - +1 pair of gloves
Will    ++...                    (no boots)
Stlth   ..........               g - amulet of reflection
HPRegen 0.41/turn                i - ring of Pureew {rC++ rCorr Int-2 Dex+6 SInv}
MPRegen 0.19/turn                D - +6 ring of dexterity

@: glowing, studying Armour, very slow
A: sense surroundings 2, otherworldly, glowing, explore regen
a: Renounce Religion, Heroism, Finesse, Duel


You were on level 1 of the Swamp.
You worshipped Okawaru.
Okawaru was extremely pleased with you.
You visited 4 branches of the dungeon, and saw 18 of its levels.
You also visited: Sewer and Gauntlet.

You collected 555 gold pieces.

Inventory:

Hand Weapons
 a - a +4 vorpal flail
 p - the +12 war axe "Wost" (weapon) {vorpal, rPois rN+ Dex+3}
   (You found it on level 3 of the Dungeon)

   It inflicts extra damage upon your enemies.
   Dex:       It affects your dexterity (+3).
   rPois:     It protects you from poison.
   rN:        It protects you from negative energy.
 C - a +0 broad axe
Missiles
 o - 4 throwing nets (quivered)
 B - 13 curare-tipped darts
Armour
 b - the +5 plate armour of Alirhaujeg (worn) {Drain Will+ Str+4 Int+4}
   (Okawaru gifted it to you on level 2 of the Lair of Beasts)

   Str:       It affects your strength (+4).
   Int:       It affects your intelligence (+4).
   Drain:     It drains your maximum health when unequipped.
   Will:      It increases your willpower.
 c - a +1 kite shield (worn)
 e - a +1 pair of gloves (worn)
 O - a +1 helmet of intelligence (worn)
Jewellery
 g - an amulet of reflection (around neck)
 h - a ring of ice
 i - the ring of Pureew (left hand) {rC++ rCorr Int-2 Dex+6 SInv}
   (You acquired it on level 8 of the Dungeon)

   [ring of dexterity]

   Int:       It affects your intelligence (-2).
   Dex:       It affects your dexterity (+6).
   rC:        It greatly protects you from cold.
   SInv:      It lets you see invisible.
   rCorr:     It protects you from acid and corrosion.
 k - a ring of ice
 y - a ring of flight
 D - a +6 ring of dexterity (right hand)
 F - a +6 ring of intelligence
 K - a ring of resist corrosion
 N - a ring of protection from cold
 P - an amulet of faith
 R - a +6 ring of intelligence
Wands
 E - a wand of digging (20)
 H - a wand of acid (6)
 L - a wand of flame (4)
Scrolls
 m - 2 scrolls of enchant armour
 n - a scroll of poison
 t - a scroll of teleportation
 x - 3 scrolls of fog
 z - a scroll of blinking
 G - 2 scrolls of immolation
 I - 4 scrolls of identify
 Q - a scroll of amnesia
Potions
 d - 3 potions of might
 f - 2 potions of attraction
 j - 3 potions of brilliance
 l - a potion of resistance
 q - 3 potions of lignification
 r - 4 potions of mutation
 s - 3 potions of magic
 u - 7 potions of curing
 v - 2 potions of haste
 w - a potion of flight
 A - a potion of cancellation


   Skills:
 + Level 12.4 Fighting
 - Level 11.3(11.5) Axes
 - Level 3.5(8.7) Maces & Flails
 + Level 12.6 Armour
 - Level 5.4 Dodging
 - Level 4.1 Shields
 - Level 7.1 Spellcasting
 - Level 6.7 Conjurations
 - Level 7.2 Translocations
 - Level 10.1 Air Magic
 + Level 10.2 Invocations
 - Level 4.5 Evocations


You had 21 spell levels left.
You knew the following spells:

 Your Spells              Type           Power      Damage    Failure   Level
a - Shock                 Conj/Air       100%       1d9       9%          1
b - Swiftness             Air            40%        N/A       14%         3
c - Blink                 Tloc           60%        N/A       22%         2

Your spell library contained the following spells:

 Spells                   Type           Power      Damage    Failure   Level
 Momentum Strike          Conj/Tloc      58%        3d9       26%         2
 Lesser Beckoning         Tloc           60%        N/A       41%         3
 Airstrike                Air            20%        2d(3-19)  41%         4
 Hailstorm                Conj/Ice       17%        3d6       91%         3
 Stone Arrow              Conj/Erth      34%        3d9       91%         3
 Slow                     Hex            24%        N/A       96%         1
 Ensorcelled Hibernation  Hex/Ice        12%        N/A       99%         2
 Confusing Touch          Hex            6%         N/A       100%        3
 Inner Flame              Hex/Fire       6%         N/A       100%        3
 Ozocubu's Armour         Ice            6%         N/A       100%        3
 Spider Form              Tmut/Pois      6%         N/A       100%        3
 Vampiric Draining        Necr           6%         2d6       100%        3
 Anguish                  Hex/Necr       3%         N/A       100%        4
 Cause Fear               Hex            3%         N/A       100%        4
 Flame Wave               Conj/Fire      17%        2d7       100%        4
 Ice Form                 Ice/Tmut       6%         N/A       100%        4
 Petrify                  Tmut/Erth      6%         N/A       100%        4
 Sticky Flame             Conj/Fire      17%        2d4       100%        4
 Blade Hands              Tmut           3%         N/A       100%        5
 Metabolic Englaciation   Hex/Ice        3%         N/A       100%        5
 Iron Shot                Conj/Erth      8%         9d3       100%        6
 Statue Form              Tmut/Erth      4%         N/A       100%        6
 Ozocubu's Refrigeration  Ice            3%         4d8       100%        7
 Discord                  Hex            3%         N/A       100%        8
 Lehudib's Crystal Spear  Conj/Erth      8%         10d4      100%        8
 Animate Armour           Summ/Erth      Unusable   N/A       N/A         4
 Simulacrum               Ice/Necr       Unusable   N/A       N/A         6

Dungeon Overview and Level Annotations

Branches:
Dungeon (13/15) Zot: 1527  Temple (1/1) D:6 Zot: 315    Lair (3/5) D:10 Zot: 495
  Swamp (1/4) Lair:3 Zot: 585  Spider (0/4) Lair:3          Orc (0/2) D:9
 Vaults (0/5) D:13          Sewer (visited)         Gauntlet (visited)

Altars:
Ashenzari
Cheibriados
Dithmenos
Elyvilon
Fedhas
Gozag
Hepliaklqana
Kikubaaqudgha
Makhleb
Nemelex Xobeh
Okawaru
Qazlal
Ru
Sif Muna
Trog
Uskayaw
Wu Jian
Xom
Yredelemnul
Zin
The Shining One

Shops:
D:1 [

Portals:
Trove: D:11 (give +3 storm dragon scales)


Innate Abilities, Weirdness & Mutations

You passively map the area around you.
You are easily found by Zot.
You glow in the dark.
You regain HP and MP as you explore.


Message History

The will-o-the-wisp is moderately damaged.
You hit the foxfire. You slice the foxfire!!
You are engulfed in a cloud of scalding steam.
* * * LOW HITPOINT WARNING * * *
The foxfire hits you.
* * * LOW HITPOINT WARNING * * *
The foxfire hits you.
* * * LOW HITPOINT WARNING * * *
The will-o-the-wisp gestures.
The will-o-the-wisp conjures some foxfire! 2 foxfires come into view.
You feel much better.
You are engulfed in a cloud of scalding steam.
The foxfire hits you!
* * * LOW HITPOINT WARNING * * *
The foxfire hits you.
* * * LOW HITPOINT WARNING * * *
You block the will-o-the-wisp's attack.
Your unstable footing causes you to fumble your attack.
The will-o-the-wisp engulfs you but does no damage.
You hit the will-o-the-wisp.
The will-o-the-wisp is heavily damaged.
The will-o-the-wisp gestures.
The will-o-the-wisp conjures some foxfire! 2 foxfires come into view.
Your unstable footing causes you to fumble your attack.
The foxfire hits you!
* * * LOW HITPOINT WARNING * * *
The foxfire hits you.
* * * LOW HITPOINT WARNING * * *
You block the will-o-the-wisp's attack. You block the will-o-the-wisp's attack.
You slice the will-o-the-wisp!!
The will-o-the-wisp is almost destroyed.
The will-o-the-wisp gestures.
The will-o-the-wisp conjures some foxfire! 2 foxfires come into view.
Your unstable footing causes you to fumble your attack.
The foxfire hits you!!
You die...

~ *, * , ~ , ~
~ , ~ ,, , ~ ~
~~ ,~~, ~~, , ~
, * , ~ , ~ ~ ~
* ~ ~ ~ ~~~ ~,
* ~ ~ ~ , , ~
~, ♣♣♣♣♣♣ *
~.., * ~ ,
♣.~v~♣♣♣~.$.. ~
♣~~v@<..~§.~~~
*
♣♣.v..§.~♣.~~~
* **
♣~~~...§~~~~~ ~
* , ,
*♣.~~~♣~~~..~ ~
,
~,.....♣♣~§~~~~
, ..$§♣♣♣
.~~~~~ ~ ~~
,..~~. * .~~~~~
~ , ~ ~ ~.~~~ ,
...~. , ~ ~ ,
,, ~ ~


You could see a will-o-the-wisp.

Vanquished Creatures
  A minotaur (Gauntlet)
  Fannar (D:11)
  A vault guard (D:11)
  2 hydras
  Erica (D:11)
  A two-headed ogre (D:8)
  2 boulder beetles
  5 death yaks
  A tengu warrior (D:10)
  A wretched star (Gauntlet)
  An orc knight (D:13)
  The ghost of fly the Chopper, a novice DgDe (D:7)
  A cyclops (D:11)
  A manticore (D:13)
  An ugly thing (D:11)
  7 elephants (Lair:2)
  9 cane toads
  2 rime drakes (Lair:2)
  2 komodo dragons
  An unseen horror (D:8)
  An efreet (D:13)
  A tengu conjurer (D:10)
  2 trolls
  2 polar bears
  A queen bee (Gauntlet)
  4 blink frogs
  A small abomination (Gauntlet)
  6 shadows
  2 wyverns
  A basilisk (Lair:2)
  48 yaks
  A neqoxec (Gauntlet)
  A steam dragon (Lair:2)
  7 vampire mosquitoes
  Menkaure (D:6)
  2 acid dragons
  A swamp worm (Lair:3)
  9 water moccasins
  10 orc warriors
  2 ice beasts
  2 sky beasts (D:7)
  4 centaurs
  4 ogres
  A phantom (D:4)
  11 kobold brigands
  9 bullfrogs
  4 gnoll sergeants
  3 scorpions
  5 wights (D:8)
  5 killer bees (Gauntlet)
  6 howler monkeys
  4 electric eels (Lair:2)
  A lava snake (Lair:2)
  7 orc priests
  3 hounds
  5 iguanas
  7 orc wizards
  7 hell rats (Lair:3)
  5 adders
  17 gnolls
  A river rat (Sewer)
  2 shadow imps (D:7)
  A white imp (D:5)
  2 ufetubi (D:6)
  2 dart slugs (D:2)
  6 worms
  33 orcs
  2 bats
  9 endoplasms
  3 giant cockroaches
  5 goblins
  5 hobgoblins
  4 quokkas
  8 ball pythons
  21 kobolds
  5 rats
  A butterfly (Lair:2)
365 creatures vanquished.

Vanquished Creatures (others)
  A human (D:10)
  A kobold brigand (D:7)
  10 foxfires (Swamp:1)
  10 fungi
  9 plants
31 creatures vanquished.

Grand Total: 396 creatures vanquished

Notes
Turn   | Place    | Note
-------+----------+-------------------------------------------
     0 | D:1      | Ijustatesigmund the Meteoran Fighter began the quest for
                  | the Orb.
     0 | D:1      | Reached XP level 1. HP: 19/19 MP: 2/2
   227 | D:1      | Reached XP level 2. HP: 26/26 MP: 3/3
   279 | D:1      | Found Ruumur's Armour Emporium.
   488 | D:1      | Glimpsed the power of Zot.
   538 | D:1      | Glimpsed the power of Zot.
   562 | D:2      | Found a faded altar of an unknown god.
   572 | D:2      | Reached skill level 1 in Dodging
   572 | D:2      | Reached XP level 3. HP: 28/31 MP: 4/4
   940 | D:2      | Reached XP level 4. HP: 39/39 MP: 5/5
  1069 | D:2      | Glimpsed the power of Zot.
  1087 | D:3      | Identified the +3 ring mail "Ligecevi" {Rampage +Inv Dex-4}
  1500 | D:3      | Identified the +12 war axe "Wost" {vorpal, rPois rN+ Dex+3}
  1663 | D:3      | Glimpsed the power of Zot.
  1782 | D:4      | Found a burning altar of Makhleb.
  1805 | D:4      | Reached XP level 5. HP: 44/46 MP: 6/6
  1834 | D:4      | Reached skill level 1 in Axes
  1892 | D:4      | Reached XP level 6. HP: 52/52 MP: 7/7
  2109 | D:4      | Reached skill level 5 in Armour
  2114 | D:4      | Reached XP level 7. HP: 37/60 MP: 8/8
  2248 | D:4      | Glimpsed the power of Zot.
  2252 | D:5      | Entered Level 5 of the Dungeon
  2296 | D:5      | Reached skill level 5 in Fighting
  2378 | D:5      | Reached XP level 8. HP: 68/68 MP: 9/9
  2596 | D:5      | Found a glowing drain.
  2605 | Sewer    | Entered a sewer
  2925 | D:6      | Noticed Menkaure
  2927 | D:6      | Killed Menkaure
  2928 | D:6      | Reached skill level 5 in Dodging
  2938 | D:6      | Reached skill level 5 in Axes
  2938 | D:6      | Reached skill level 1 in Evocations
  2948 | D:6      | Gained mutation: You passively map the area around you.
                  | [Meteoran growth]
  2948 | D:6      | Reached XP level 9. HP: 71/75 MP: 10/10
  2981 | D:6      | Learned a level 1 spell: Shock
  3096 | D:6      | Reached skill level 1 in Air Magic
  3172 | D:6      | Reached skill level 1 in Spellcasting
  3172 | D:6      | Reached skill level 1 in Conjurations
  3226 | D:6      | Found a hide-covered altar of Uskayaw.
  3294 | D:6      | Found a staircase to the Ecumenical Temple.
  3451 | Temple   | Entered the Ecumenical Temple
  3780 | D:7      | Learned a level 3 spell: Swiftness
  3826 | D:7      | Found a runed translucent gate.
  3826 | D:7      | Found a runed translucent gate.
  3826 | D:7      | Found a runed translucent gate.
  3828 | D:7      | Noticed fly's ghost (novice DgDe)
  3879 | D:7      | Killed fly's ghost
  3880 | D:7      | Reached XP level 10. HP: 21/86 MP: 14/16
  4439 | D:8      | Identified a scroll of acquirement
  4439 | D:8      | Acquired the ring of Pureew {rC++ rCorr Int-2 Dex+6 SInv}
  4499 | D:8      | Noticed an unseen horror
  4504 | D:8      | Killed an unseen horror
  4505 | D:8      | Reached skill level 5 in Spellcasting
  4531 | D:8      | Reached skill level 5 in Air Magic
  4572 | D:8      | Reached skill level 5 in Conjurations
  4572 | D:8      | Reached XP level 11. HP: 93/94 MP: 18/20
  4951 | D:8      | Noticed a two-headed ogre
  4960 | D:8      | Killed a two-headed ogre
  5156 | D:9      | Found a broken altar of Ashenzari.
  5211 | D:9      | Reached XP level 12. HP: 80/104 MP: 23/23
  5241 | D:9      | Learned a level 2 spell: Blink
  5263 | D:9      | Reached skill level 1 in Translocations
  5412 | D:9      | Found a bloodstained altar of Trog.
  5460 | D:9      | Found a hazy altar of Hepliaklqana.
  5462 | D:9      | Found a shadowy altar of Dithmenos.
  5540 | D:9      | Found a staircase to the Orcish Mines.
  5576 | D:10     | Entered Level 10 of the Dungeon
  5582 | D:10     | Found an iron altar of Okawaru.
  5585 | D:10     | Became a worshipper of Warmaster Okawaru
  5608 | D:10     | Noticed a boulder beetle
  5621 | D:10     | Killed a boulder beetle
  5622 | D:10     | Reached skill level 1 in Invocations
  5720 | D:10     | Reached * piety under Okawaru
  5937 | D:10     | Reached ** piety under Okawaru
  5943 | D:10     | Found an ancient bone altar of Kikubaaqudgha.
  5951 | D:10     | Noticed a tengu warrior
  5963 | D:10     | Killed a tengu warrior
  6171 | D:10     | Found a staircase to the Lair.
  6190 | D:10     | Reached skill level 10 in Fighting
  6190 | D:10     | Reached skill level 10 in Axes
  6203 | D:10     | You fall into a shaft and drop 3 floors!
  6207 | D:13     | Found a gate to the Vaults.
  6207 | D:13     | Noticed a vault guard
  6207 | D:13     | Noticed a vault guard
  6207 | D:13     | Noticed a vault guard
  6207 | D:13     | Noticed a vault guard
  6262 | D:13     | Noticed an orc knight
  6273 | D:13     | Reached *** piety under Okawaru
  6281 | D:13     | Killed an orc knight
  6285 | D:13     | Reached XP level 13. HP: 69/113 MP: 24/24
  6287 | D:13     | Reached skill level 5 in Invocations
  6312 | D:11     | Noticed a vault guard
  6317 | D:11     | Killed a vault guard
  6318 | D:11     | Reached skill level 5 in Translocations
  6321 | D:11     | Found a portal to a secret trove of treasure.
  6372 | D:11     | Reached **** piety under Okawaru
  6385 | D:11     | Noticed Fannar
  6385 | D:11     | Noticed Erica
  6387 | D:11     | Noticed a seven-headed hydra
  6395 | D:11     | Killed Erica
  6450 | D:11     | Killed Fannar
  6458 | D:11     | Killed a seven-headed hydra
  6601 | D:11     | Found a gate leading to a gauntlet.
  6610 | Gauntlet | Entered a Gauntlet
  6610 | Gauntlet | Found a transporter.
  6627 | Gauntlet | Found a transporter.
  6631 | Gauntlet | Noticed a catoblepas
  6632 | Gauntlet | Found a transporter.
  6639 | Gauntlet | Found a transporter.
  6655 | Gauntlet | Found a transporter.
  6659 | Gauntlet | Found a transporter.
  6660 | Gauntlet | Found a transporter.
  6666 | Gauntlet | Reached ***** piety under Okawaru
  6673 | Gauntlet | Noticed a six-headed hydra
  6680 | Gauntlet | Noticed a frost giant
  6686 | Gauntlet | Found a runed translucent door.
  6687 | Gauntlet | Found a transporter.
  6713 | Gauntlet | Noticed a juggernaut
  6716 | Gauntlet | a juggernaut changed into a shard shrike
  6716 | Gauntlet | Noticed a shard shrike (glowing shapeshifter)
  6717 | Gauntlet | a shard shrike changed into a titan
  6717 | Gauntlet | Noticed a titan (glowing shapeshifter)
  6723 | Gauntlet | a moth of wrath changed into a two-headed ogre
  6723 | Gauntlet | Noticed a two-headed ogre (shapeshifter)
  6725 | Gauntlet | a titan changed into a shard shrike
  6725 | Gauntlet | Noticed a shard shrike (glowing shapeshifter)
  6728 | Gauntlet | Noticed a minotaur
  6735 | Gauntlet | Killed a minotaur
  6735 | Gauntlet | Identified the +3 war axe "Puchash" {drain, Fragile rElec
                  | rPois Int+4} (Okawaru gifted it to you in a Gauntlet)
  6735 | Gauntlet | Received a gift from Okawaru
  6742 | Gauntlet | Identified the +2 robe of Inevitability {rElec rCorr
                  | Slay+3}
  6837 | Lair:1   | Entered Level 1 of the Lair of Beasts
  7029 | Lair:1   | Noticed a four-headed hydra
  7043 | Lair:1   | Killed a six-headed hydra
  7044 | Lair:1   | Reached skill level 10 in Air Magic
  7183 | Lair:1   | Acquired a +1 helmet of intelligence
  7354 | Lair:2   | Reached XP level 14. HP: 92/124 MP: 25/25
  7375 | Lair:2   | Reached skill level 10 in Armour
  7447 | Lair:2   | Identified the +5 plate armour of Alirhaujeg {Drain Will+
                  | Str+4 Int+4} (Okawaru gifted it to you on level 2 of the
                  | Lair of Beasts)
  7447 | Lair:2   | Received a gift from Okawaru
  7934 | Lair:3   | Reached skill level 10 in Invocations
  8128 | Lair:3   | Found a staircase to the Swamp.
  8149 | Swamp:1  | Entered Level 1 of the Swamp
  8161 | Swamp:1  | Killed from afar by a will-o-the-wisp

Illustrated notes

Levels and vault maps discovered:
D:1:      dpeg_arrival_circle_labyrinth_b, layout_basic, serial_shops,
          nicolae_shop_window_shopping
D:2:      layout_rooms, shapermc_ecumenical_altar_starsandcircs
D:3:      layout_loops_ring
D:4:      layout_loops_ring, mainiacjoe_overflow_paths, grunt_decor_resistance,
          grunt_ministairs_3
D:5:      layout_rooms, cheibrodos_sewer_entry_bend
D:6:      layout_rooms, marbit_many_paths, minmay_temple_entry_nine_rooms,
          uniq_menkaure
D:7:      layout_cave_pools, gammafunk_ghost_nasty_kobolds, minivault_5
D:8:      layout_basic
D:9:      layout_rooms, riverfiend_overflow_shadow_ancestor,
          lightli_temple_of_fire, cheibrodos_ashenzari_chains,
          kennysheep_orc_monster_closet_entryway
D:10:     minmay_diamond_stairs, layout_cave_pods, tgw_kikubaaqudgha,
          kennysheep_mini_moat, general_overflow_altar, lair_entry_dummy
D:11:     layout_rooms, serial_curves, eino_curves_01, eino_curves_02,
          eino_curves_03, eino_curves_03, enter_trove_5, gauntlet_entry_generic,
          hangedman_abyss_or_decor_clamps, nicolae_shop_dragon_depot,
          uniq_fannar, uniq_psyche, uniq_erica
D:12:     layout_basic, uniq_jorgrun, uniq_sonja
D:13:     layout_roguey, lightli_vaults_fourway_checkpoint, special_room
          [special_room_orc], uniq_josephine
Temple:   oiseaux_autumnal_temple
Lair:1:   layout_cave_pods, infiniplex_staircase_pool_2, grunt_megastairs_5
Lair:2:   layout_small_grid, nicolae_lair_liquid_snakes, grunt_megastairs_1,
          lemuel_fruit_fields, serial_bayou_shore_b
Lair:3:   nzn_winding_woodlands_stair_trap [nzn_winding_woodlands_5x15_crooked,
          nzn_winding_woodlands_5x15_parted, nzn_winding_woodlands_5x15_default,
          nzn_winding_woodlands_15x15_boxy_spiral,
          nzn_winding_woodlands_5x15_split_checker,
          nzn_winding_woodlands_5x15_zeroes,
          nzn_winding_woodlands_5x15_default], layout_small_grid,
          minmay_swamp_entry_worms, nicolae_spider_entry_orb_guardian,
          patterned_corridor, infiniplex_staircase_pool
Swamp:1:  layout_basic_swamp, ebering_ghost_rock_garden,
          evilmike_swamp_ruin_house_1, nicolae_swamp_dense_foliage

Skill      XL: |  1  2  3  4  5  6  7  8  9 10 11 12 13 14 |
---------------+-------------------------------------------+-----
Maces & Flails | 3 |  3.5
Dodging        | 1 2 3 4 5 |  5.4
Armour         | 4 5 6 7 8 9 12 | 12.6
Shields        | 4 |  4.1
Fighting       | 4 5 6 7 8 9 10 11 12 | 12.4
Axes           | 1 2 3 5 6 7 9 10 11 | 11.3
Evocations     | 1 4 |  4.5
Air Magic      | 3 5 6 8 10 | 10.1
Spellcasting   | 3 5 7 |  7.1
Conjurations   | 3 5 6 |  6.7
Translocations | 4 7 |  7.2
Invocations    | 4 8 10 | 10.2

Action                   |  1- 3 |  4- 6 |  7- 9 | 10-12 | 13-15 || total
-------------------------+-------+-------+-------+-------+-------++-------
Melee: Flail             |   103 |    30 |       |       |    25 ||   158
       War axe           |       |    34 |   176 |   259 |   321 ||   790
 Cast: Swiftness         |       |       |       |     1 |       ||     1
       Blink             |       |       |       |       |     1 ||     1
Invok: Heroism           |       |       |       |     1 |     4 ||     5
Evoke: Wand              |       |       |       |    16 |    12 ||    28
  Use: Scroll            |     3 |     8 |     6 |     8 |    10 ||    35
       Potion            |       |       |     3 |     1 |     4 ||     8
 Stab: Held in net/web   |       |     1 |       |       |       ||     1
       Distracted        |       |       |       |       |     1 ||     1
Armor: Scale mail        |    44 |     9 |       |       |       ||    53
       Ring mail         |       |    11 |    45 |    80 |    75 ||   211
       Plate armour      |       |       |       |       |    54 ||    54
Dodge: Dodged            |    37 |    19 |    59 |   118 |   151 ||   384
Block: Buckler           |    39 |    32 |    79 |   181 |   181 ||   512
       Reflection        |     2 |     3 |     2 |    10 |     3 ||    20
       Kite shield       |       |       |       |       |    43 ||    43

Table legend: (Time is in decaauts)
 A = Elapsed time spent in this place.
 B = Non-inter-level travel time spent in this place.
 C = Inter-level travel time spent in this place.
 D = Time resting spent in this place.
 E = Time spent auto-exploring this place.
 F = Levels seen in this place.
 G = Mean time per level.
                   A        B        C        D        E       F      G
               +--------+--------+--------+--------+--------+-----+--------+
         Total |   8355 |   7952 |    403 |    110 |   5529 |  20 |  417.8 |
       Dungeon |   6272 |   5923 |    349 |    110 |   4237 |  13 |  482.5 |
        Temple |    284 |    252 |     32 |      0 |    241 |   1 |  284.0 |
          Lair |   1304 |   1283 |     21 |      0 |    842 |   3 |  434.7 |
         Swamp |     13 |     13 |      0 |      0 |      0 |   1 |   13.0 |
         Sewer |    347 |    347 |      0 |      0 |    208 |   1 |  347.0 |
      Gauntlet |    133 |    133 |      0 |      0 |      0 |   1 |  133.0 |
               +--------+--------+--------+--------+--------+-----+--------+

Top non-repeatable levels by time:
     D:8: 763 daAuts
    D:10: 689 daAuts
     D:7: 630 daAuts
     D:3: 601 daAuts
     D:4: 597 daAuts
  Lair:2: 593 daAuts
     D:1: 555 daAuts
     D:6: 555 daAuts
     D:2: 549 daAuts
  Lair:1: 475 daAuts
     D:9: 471 daAuts
     D:5: 415 daAuts
   Sewer: 347 daAuts
    D:11: 342 daAuts
  Temple: 284 daAuts
